TOP OF THE 1ST |
Batavia Muckdogs batting - Pitching for Brooklyn Cyclones : LHP Jesus Espitia
|
Pitching: LHP Jesus Espitia
|
|
Batting: SHB Justin Corbett
|
0-0: Ball 1-0: Foul Ball, location: 2F 1-1: Ground out 6-3 (Groundball, 6M, EV 105.0 MPH)
|
Batting: RHB Andy Kelly
|
0-0: Foul Ball, location: 2F 0-1: Swinging Strike 0-2: Ground out 6-3 (Groundball, 6M, EV 86.9 MPH)
|
Batting: RHB Justin Dunham
|
0-0: Called Strike 0-1: Swinging Strike 0-2: Strikes out swinging
|
Top of the 1st over - 0 runs, 0 hits, 0 errors, 0 left on base; Batavia 0 - Brooklyn 0 |
BOTTOM OF THE 1ST |
Brooklyn Cyclones batting - Pitching for Batavia Muckdogs : RHP Ryan Weedon
|
Pitching: RHP Ryan Weedon
|
|
Batting: LHB Matt Baker
|
0-0: Foul Ball, location: 2F 0-1: Foul Ball, location: 2F 0-2: Foul Ball, location: 2F 0-2: Ball 1-2: Ball 2-2: SINGLE (Groundball, 4M, EV 104.4 MPH) (infield hit)
|
Batting: LHB Elmo Dreier
|
0-0: Called Strike 0-1: Called Strike 0-2: Ball 1-2: Ball 2-2: Grounds into double play, 4-6-3 (Groundball, 4MS, EV 83.8 MPH)
|
Batting: RHB Sang-ton Pak
|
0-0: Called Strike 0-1: Swinging Strike 0-2: Ball 1-2: Foul Ball, location: 2F 1-2: Strikes out looking
|
Bottom of the 1st over - 0 runs, 1 hit, 0 errors, 0 left on base; Batavia 0 - Brooklyn 0 |
TOP OF THE 2ND |
Batavia Muckdogs batting - Pitching for Brooklyn Cyclones : LHP Jesus Espitia
|
Batting: RHB Rick English
|
0-0: Ball 1-0: Ground out 4-3 (Groundball, 34D, EV 85.6 MPH)
|
Batting: RHB Jim Fisher
|
0-0: Ball 1-0: Ground out 5-3 (Groundball, 56, EV 100.0 MPH)
|
Batting: RHB Jason Thrash
|
0-0: Swinging Strike 0-1: Ground out 5-3 (Groundball, 5S, EV 71.2 MPH)
|
Top of the 2nd over - 0 runs, 0 hits, 0 errors, 0 left on base; Batavia 0 - Brooklyn 0 |
BOTTOM OF THE 2ND |
Brooklyn Cyclones batting - Pitching for Batavia Muckdogs : RHP Ryan Weedon
|
Batting: RHB Bill Crogan
|
0-0: Ball 1-0: Ball 2-0: Fly out, F6 (Popup, 6D, EV 61.9 MPH)
|
Batting: RHB Prabhukumar Santhanakrishnan
|
0-0: Ground out 6-3 (Groundball, 6, EV 100.0 MPH)
|
Batting: RHB Rich Cracchiolo
|
0-0: Ball 1-0: Ball 2-0: Called Strike 2-1: Foul Ball, location: 2F 2-2: Foul Ball, location: 2F 2-2: SINGLE (Groundball, 6MD, EV 102.5 MPH)
|
Batting: SHB Salvador Gomez
|
0-0: Called Strike Rich Cracchiolo steals 2nd base 0-1: Fly out, F8 (Line Drive, 8LM, EV 95.6 MPH)
|
Bottom of the 2nd over - 0 runs, 1 hit, 0 errors, 1 left on base; Batavia 0 - Brooklyn 0 |
TOP OF THE 3RD |
Batavia Muckdogs batting - Pitching for Brooklyn Cyclones : LHP Jesus Espitia
|
Batting: RHB Hiromitsu Yamada
|
0-0: Foul Ball, location: 2F 0-1: Swinging Strike 0-2: Ball 1-2: Ball 2-2: Strikes out swinging
|
Batting: RHB Justin Layton
|
0-0: Called Strike 0-1: Foul Ball, location: 2F 0-2: Strikes out swinging
|
Batting: RHB Calvin Morin
|
0-0: Called Strike 0-1: SINGLE (Groundball, 56D, EV 100.0 MPH)
|
Batting: SHB Justin Corbett
|
0-0: Ball 1-0: Ball 2-0: Fly out, F9 (Line Drive, 9S, EV 100.0 MPH)
|
Top of the 3rd over - 0 runs, 1 hit, 0 errors, 1 left on base; Batavia 0 - Brooklyn 0 |
BOTTOM OF THE 3RD |
Brooklyn Cyclones batting - Pitching for Batavia Muckdogs : RHP Ryan Weedon
|
Batting: RHB Victor Reyes
|
0-0: Ground out 5-3 (Groundball, 56S, EV 68.8 MPH)
|
Batting: SHB Duri Chilemba
|
0-0: Called Strike 0-1: Swinging Strike 0-2: Strikes out swinging
|
Batting: LHB Matt Baker
|
0-0: Ball 1-0: Ball 2-0: Ball 3-0: Called Strike 3-1: Foul Ball, location: 2F 3-2: Foul Ball, location: 2F 3-2: TRIPLE (Flyball, 8LXD, EV 88.1 MPH)
|
Batting: LHB Elmo Dreier
|
0-0: Ball 1-0: Ball 2-0: Foul Ball, location: 2F 2-1: Foul Ball, location: 2F 2-2: Strikes out swinging
|
Bottom of the 3rd over - 0 runs, 1 hit, 0 errors, 1 left on base; Batavia 0 - Brooklyn 0 |
TOP OF THE 4TH |
Batavia Muckdogs batting - Pitching for Brooklyn Cyclones : LHP Jesus Espitia
|
Batting: RHB Andy Kelly
|
0-0: Called Strike 0-1: Foul Ball, location: 2F 0-2: Ball 1-2: SINGLE (Groundball, 4MD, EV 101.9 MPH)
|
Batting: RHB Justin Dunham
|
0-0: Ball 1-0: Ball 2-0: Fielders Choice at 2nd, 5-4 (Groundball, 56, EV 83.1 MPH)
|
Batting: RHB Rick English
|
0-0: Swinging Strike 0-1: Fly out, F7 (Flyball, 7S, EV 81.2 MPH)
|
Batting: RHB Jim Fisher
|
0-0: Ball 1-0: Called Strike Justin Dunham is caught stealing 2nd base 2-4
|
Top of the 4th over - 0 runs, 1 hit, 0 errors, 0 left on base; Batavia 0 - Brooklyn 0 |
BOTTOM OF THE 4TH |
Brooklyn Cyclones batting - Pitching for Batavia Muckdogs : RHP Ryan Weedon
|
Batting: RHB Sang-ton Pak
|
0-0: Foul Ball, location: 2F 0-1: Foul Ball, location: 2F 0-2: Ball 1-2: Foul Ball, location: 2F 1-2: Strikes out swinging
|
Batting: RHB Bill Crogan
|
0-0: Ball 1-0: Foul Ball, location: 2F 1-1: Swinging Strike 1-2: Ball 2-2: Ball 3-2: Foul Ball, location: 2F 3-2: Fly out, F9 (Flyball, 9D, EV 91.9 MPH)
|
Batting: RHB Prabhukumar Santhanakrishnan
|
0-0: Called Strike 0-1: Ball 1-1: Ball 2-1: Swinging Strike 2-2: Strikes out swinging
|
Bottom of the 4th over - 0 runs, 0 hits, 0 errors, 0 left on base; Batavia 0 - Brooklyn 0 |
TOP OF THE 5TH |
Batavia Muckdogs batting - Pitching for Brooklyn Cyclones : LHP Jesus Espitia
|
Batting: RHB Jim Fisher
|
0-0: Ball 1-0: Foul Ball, location: 2F 1-1: Called Strike 1-2: Ball 2-2: Foul Ball, location: 2F 2-2: Foul Ball, location: 2F 2-2: Ball 3-2: Fly out, F9 (Flyball, 9D, EV 104.4 MPH)
|
Batting: RHB Jason Thrash
|
0-0: SINGLE (Line Drive, 89S, EV 95.6 MPH)
|
Batting: RHB Hiromitsu Yamada
|
0-0: Called Strike 0-1: Ball 1-1: Ball 2-1: Ball 3-1: Base on Balls Jason Thrash to second
|
Batting: RHB Justin Layton
|
0-0: Ball 1-0: Called Strike 1-1: Swinging Strike 1-2: Ball 2-2: Fly out, F7 (Flyball, 7, EV 86.9 MPH)
|
Batting: RHB Calvin Morin
|
0-0: Swinging Strike 0-1: Swinging Strike 0-2: Ball 1-2: Strikes out swinging
|
Top of the 5th over - 0 runs, 1 hit, 0 errors, 2 left on base; Batavia 0 - Brooklyn 0 |
BOTTOM OF THE 5TH |
Brooklyn Cyclones batting - Pitching for Batavia Muckdogs : RHP Ryan Weedon
|
Batting: RHB Rich Cracchiolo
|
0-0: Ball 1-0: SOLO HOME RUN (Flyball, 7D, EV 96.2 MPH), Distance : 383 ft
|
Batting: SHB Salvador Gomez
|
0-0: Ball 1-0: Ball 2-0: Called Strike 2-1: SINGLE (Line Drive, 8LS, EV 100.0 MPH)
|
Batting: RHB Victor Reyes
|
0-0: Ball 1-0: Called Strike 1-1: Swinging Strike 1-2: Strikes out swinging
|
Batting: SHB Duri Chilemba
|
0-0: Fly out, F9 (Flyball, 89D, EV 103.8 MPH)
|
Batting: LHB Matt Baker
|
0-0: Called Strike 0-1: Fielders Choice at 2nd, 6-4 (Groundball, 56, EV 81.2 MPH)
|
Bottom of the 5th over - 1 run, 2 hits, 0 errors, 1 left on base; Batavia 0 - Brooklyn 1 |
TOP OF THE 6TH |
Batavia Muckdogs batting - Pitching for Brooklyn Cyclones : LHP Jesus Espitia
|
Batting: SHB Justin Corbett
|
0-0: Foul Ball, location: 2F 0-1: Foul Ball, location: 2F 0-2: Foul Ball, location: 2F 0-2: Ball 1-2: Ball 2-2: Ball 3-2: SOLO HOME RUN (Flyball, 7D, EV 98.1 MPH), Distance : 375 ft
|
Batting: RHB Andy Kelly
|
0-0: Ball 1-0: Ground out 6-3 (Groundball, 6MD, EV 111.9 MPH)
|
Batting: RHB Justin Dunham
|
0-0: Ball 1-0: Ball 2-0: Called Strike 2-1: Swinging Strike 2-2: Foul Ball, location: 2F 2-2: Ball 3-2: Base on Balls
|
Batting: RHB Rick English
|
0-0: Ball 1-0: Grounds into double play, 5-4-3 (Groundball, 56S, EV 77.5 MPH)
|
Top of the 6th over - 1 run, 1 hit, 0 errors, 0 left on base; Batavia 1 - Brooklyn 1 |
BOTTOM OF THE 6TH |
Brooklyn Cyclones batting - Pitching for Batavia Muckdogs : RHP Ryan Weedon
|
Batting: LHB Elmo Dreier
|
0-0: Called Strike 0-1: Ground out 4-3 (Groundball, 4, EV 104.4 MPH)
|
Batting: RHB Sang-ton Pak
|
0-0: Called Strike 0-1: Ball 1-1: Foul Ball, location: 2F 1-2: Ball 2-2: Ball 3-2: Strikes out swinging
|
Batting: RHB Bill Crogan
|
0-0: Ball 1-0: Ball 2-0: Ball 3-0: Called Strike 3-1: Swinging Strike 3-2: Base on Balls
|
Pitching: RHP Matt Slater
|
|
Batting: RHB Prabhukumar Santhanakrishnan
|
0-0: Foul Ball, location: 2F 0-1: Foul Ball, location: 2F 0-2: Ball 1-2: Strikes out swinging
|
Bottom of the 6th over - 0 runs, 0 hits, 0 errors, 1 left on base; Batavia 1 - Brooklyn 1 |
TOP OF THE 7TH |
Batavia Muckdogs batting - Pitching for Brooklyn Cyclones : LHP Jesus Espitia
|
Pitching: RHP Jeremy Delka
|
|
Batting: RHB Jim Fisher
|
0-0: Ball 1-0: Ground out 6-3 (Groundball, 6, EV 82.5 MPH)
|
Batting: RHB Jason Thrash
|
0-0: Ball 1-0: Fly out, F8 (Flyball, 8RM, EV 84.4 MPH)
|
Batting: RHB Hiromitsu Yamada
|
0-0: Fly out, F8 (Flyball, 78D, EV 102.5 MPH)
|
Top of the 7th over - 0 runs, 0 hits, 0 errors, 0 left on base; Batavia 1 - Brooklyn 1 |
BOTTOM OF THE 7TH |
Brooklyn Cyclones batting - Pitching for Batavia Muckdogs : RHP Matt Slater
|
Batting: RHB Rich Cracchiolo
|
0-0: Ball 1-0: Ball 2-0: Foul Ball, location: 2F 2-1: Ground out U3 (Groundball, 34S, EV 66.9 MPH)
|
Batting: SHB Salvador Gomez
|
0-0: Ball 1-0: Ball 2-0: Ball 3-0: Base on Balls
|
Batting: RHB Victor Reyes
|
0-0: Ball 1-0: Ball 2-0: Called Strike 2-1: Called Strike 2-2: Foul Ball, location: 2F 2-2: Foul Ball, location: 2F 2-2: Strikes out swinging
|
Pinch Hitting: RHB Matt Tittle
|
0-0: Called Strike 0-1: Swinging Strike 0-2: Ball 1-2: Fly out, F8 (Line Drive, 8LD, EV 91.2 MPH)
|
Bottom of the 7th over - 0 runs, 0 hits, 0 errors, 1 left on base; Batavia 1 - Brooklyn 1 |
TOP OF THE 8TH |
Batavia Muckdogs batting - Pitching for Brooklyn Cyclones : RHP Jeremy Delka
|
Now at 3B: Matt Tittle
|
|
Batting: RHB Justin Layton
|
0-0: Ball 1-0: Foul Ball, location: 2F 1-1: Ball 2-1: Called Strike 2-2: Strikes out looking
|
Batting: RHB Calvin Morin
|
0-0: Foul Ball, location: 2F 0-1: Ball 1-1: Swinging Strike 1-2: Hit by Pitch
|
Batting: SHB Justin Corbett
|
0-0: Called Strike 0-1: Ball 1-1: Fielders Choice at 2nd, 4-6 (Groundball, 4, EV 90.0 MPH)
|
Batting: RHB Andy Kelly
|
0-0: Called Strike 0-1: Called Strike Justin Corbett steals 2nd base 0-2: Ball 1-2: Ball 2-2: Ball Wild Pitch! Justin Corbett to third 3-2: Foul Ball, location: 2F 3-2: Ground out 6-3 (Groundball, 6, EV 110.0 MPH)
|
Top of the 8th over - 0 runs, 0 hits, 0 errors, 1 left on base; Batavia 1 - Brooklyn 1 |
BOTTOM OF THE 8TH |
Brooklyn Cyclones batting - Pitching for Batavia Muckdogs : RHP Matt Slater
|
Batting: LHB Matt Baker
|
0-0: Ball 1-0: Called Strike 1-1: Ball 2-1: SINGLE (Line Drive, 8LS, EV 111.9 MPH)
|
Batting: LHB Elmo Dreier
|
0-0: Sac Bunt to 2L - play at first, batter OUT! 2-3 Matt Baker to second
|
Batting: RHB Sang-ton Pak
|
0-0: Ball 1-0: Called Strike 1-1: Foul Ball, location: 2F 1-2: Strikes out looking
|
Batting: RHB Bill Crogan
|
0-0: Called Strike 0-1: Swinging Strike 0-2: Ball 1-2: Strikes out swinging
|
Bottom of the 8th over - 0 runs, 1 hit, 0 errors, 1 left on base; Batavia 1 - Brooklyn 1 |
TOP OF THE 9TH |
Batavia Muckdogs batting - Pitching for Brooklyn Cyclones : RHP Jeremy Delka
|
Batting: RHB Justin Dunham
|
0-0: Called Strike 0-1: Foul Ball, location: 2F 0-2: Ball 1-2: Foul Ball, location: 2F 1-2: Ball 2-2: Foul Ball, location: 2F 2-2: Foul Ball, location: 2F 2-2: Foul Ball, location: 2F 2-2: Strikes out swinging
|
Batting: RHB Rick English
|
0-0: Ball 1-0: Called Strike 1-1: Called Strike 1-2: Strikes out swinging
|
Batting: RHB Jim Fisher
|
0-0: Ball 1-0: Ball 2-0: Foul Ball, location: 2F 2-1: Ball 3-1: Ground out 6-3 (Groundball, 6, EV 84.4 MPH)
|
Top of the 9th over - 0 runs, 0 hits, 0 errors, 0 left on base; Batavia 1 - Brooklyn 1 |
BOTTOM OF THE 9TH |
Brooklyn Cyclones batting - Pitching for Batavia Muckdogs : RHP Matt Slater
|
Batting: RHB Prabhukumar Santhanakrishnan
|
0-0: Ball 1-0: Ball 2-0: Called Strike 2-1: Foul Ball, location: 2F 2-2: Foul Ball, location: 2F 2-2: Ball 3-2: Foul Ball, location: 2F 3-2: Base on Balls
|
Batting: RHB Rich Cracchiolo
|
0-0: Called Strike Prabhukumar Santhanakrishnan steals 2nd base 0-1: Called Strike 0-2: Ball 1-2: Ball 2-2: Ball 3-2: Fly out, F9 (Line Drive, 9, EV 93.8 MPH) Runner from 2nd tags up, SAFE at 3rd with throw by RF
|
Pitching: RHP Glen Patterson
|
|
Batting: SHB Salvador Gomez
|
0-0: Bunted foul 0-1: Ball 1-1: Squeeze Bunt to 2R - play home, runner scores, batter safe! Prabhukumar Santhanakrishnan scores
|
Bottom of the 9th over - 1 run, 0 hits, 0 errors, 1 left on base; Batavia 1 - Brooklyn 2 |
|